 Dungeon Crawl Stone Soup version 0.22.1-6-g1668fe2 (webtiles) character file.

9000 greenice the Fencer (level 11, 0/94 HPs)
             Began as a Minotaur Fighter on Jan 17, 2019.
             Was a High Priest of Okawaru.
             Succumbed to a hornet's poison
             ... on level 8 of the Dungeon.
             The game lasted 00:17:12 (8992 turns).

greenice the Fencer (Minotaur Fighter)              Turns: 8992, Time: 00:17:13

Health: 0/94       AC: 14    Str: 20    XL:     11   Next: 17%
Magic:  9/10       EV: 12    Int:  5    God:    Okawaru [*****.]
Gold:   567        SH: 13    Dex: 19    Spells: 10/10 levels left

rFire    . . .     SeeInvis .   C - +6 falchion of Salt {flame, rElec Dex+5}
rCold    . . .     Gourm    .   c - +1 shield
rNeg     . . .     Faith    .   b - +0 scale mail
rPois    .         Spirit   .   (helmet restricted)
rElec    +         Reflect  .   q - +2 cloak
rCorr    +         Harm     .   I - +1 pair of gloves
MR       +....                  (no boots)
Stlth    ++........             (no amulet)
HPRegen  0.25/turn              E - ring of protection from magic
MPRegen  0.12/turn              G - ring of resist corrosion

@: lethally poisoned (0 -> -9), heroism, starving, slowed, very slow
A: retaliatory headbutt, horns 2
a: Heroism, Finesse, Renounce Religion


You were on level 8 of the Dungeon.
You worshipped Okawaru.
Okawaru was extremely pleased with you.
You were starving.

You visited 1 branch of the dungeon, and saw 8 of its levels.
You also visited: Bailey.

You collected 567 gold pieces.

Inventory:

Hand Weapons
 a - a +1 long sword
 C - the +6 falchion of Salt (weapon) {flame, rElec Dex+5}
   (You found it on level 5 of the Dungeon)

   It has been specially enchanted to burn those struck by it, causing extra
   injury to most foes and up to half again as much damage against particularly
   susceptible opponents.
   Big, fiery blades are also staple armaments of hydra-hunters.
   It affects your dexterity (+5).
   It insulates you from electricity.
Armour
 b - a +0 scale mail (worn)
 c - a +1 shield (worn)
 q - a +2 cloak (worn)
 y - a +0 plate armour
 H - the +0 hat of Perpetual Drought {rElec Str-3 Slay+2}
   (Okawaru gifted it to you in a bailey)

   It affects your strength (-3).
   It affects your accuracy and damage with ranged weapons and melee attacks
   (+2).
   It insulates you from electricity.
 I - a +1 pair of gloves (worn)
Jewellery
 i - an uncursed ring of wizardry {unknown}
 t - a +2 ring of dexterity {unknown}
 E - a ring of protection from magic (left hand)
 G - a ring of resist corrosion (right hand)
Wands
 w - a wand of flame (37)
Scrolls
 e - 3 scrolls of enchant weapon
 j - 4 scrolls of remove curse
 l - a scroll of magic mapping
 p - 6 scrolls of identify
 s - 2 scrolls of enchant armour
 u - 5 scrolls of fog
 B - a scroll of blinking {unknown}
 D - a scroll of immolation {unknown}
Potions
 d - a potion of might
 g - 2 potions of lignification {unknown}
 k - a potion of invisibility {unknown}
 m - 2 potions of mutation {unknown}
 n - a potion of haste {unknown}
 o - a potion of cancellation {unknown}
 r - 2 potions of heal wounds {unknown}
 v - 2 potions of ambrosia {unknown}
 x - 2 potions of agility {unknown}
 z - a potion of flight {unknown}
 A - 2 potions of resistance {unknown}
 F - a potion of curing {unknown}
Comestibles
 f - 7 rations
 h - 2 chunks of flesh


   Skills:
 + Level 7.8(12.8) Fighting
 - Level 18.1(23.1) Long Blades
 - Level 3.6(8.6) Armour
 - Level 3.6(8.6) Shields


You had 10 spell levels left.
You didn't know any spells.
Your spell library contained the following spells:

 Spells                   Type           Power        Failure   Level  Hunger
 Corona                   Hex            #......      96%         1    ##.....
 Magic Dart               Conj           #...         96%         1    ##.....
 Blink                    Tloc           N/A          99%         2    ###....
 Call Imp                 Summ           #.......     99%         2    ###....
 Ensorcelled Hibernation  Hex/Ice        #.....       99%         2    ###....
 Slow                     Hex            #.......     99%         2    ###....
 Confuse                  Hex            #.......     100%        3    ####...
 Conjure Flame            Conj/Fire      #.......     100%        3    ####...
 Dazzling Spray           Conj/Hex       #.....       100%        3    ####...
 Mephitic Cloud           Conj/Pois/Air  #.......     100%        3    ####...
 Tukima's Dance           Hex            #.......     100%        3    ####...
 Borgnjor's Vile Clutch   Necr/Erth      #.........   100%        5    ######.
 Silence                  Hex/Air        #.........   100%        5    ######.
 Darkness                 Hex            #.........   100%        6    #######
 Shadow Creatures         Summ           N/A          100%        6    #######


Dungeon Overview and Level Annotations

Branches:
Dungeon (8/15)             Temple (0/1) D:5            Lair (0/6) D:8

Altars:
Ashenzari
Cheibriados
Dithmenos
Elyvilon
Fedhas
Hepliaklqana
Kikubaaqudgha
Makhleb
Nemelex Xobeh
Okawaru
Wu Jian
Xom
Yredelemnul
Zin

Annotations:
D:8 exclusion: oklob plant


Innate Abilities, Weirdness & Mutations

You reflexively headbutt those who attack you in melee.
You have a pair of horns on your head.


Message History

You feel very sick. You block the hornet's attack. The hungry ghost hits you.
You are starving!
The hornet closely misses you.
You riposte.
You hit the hornet. You burn the hornet. Your headbutt misses the hornet.
The hornet is lightly wounded.
You feel very sick. You block the hornet's attack.
You block the hungry ghost's attack.
You feel very sick. The hornet closely misses you.
You block the hungry ghost's attack. The hornet stings you!
* * * LOW HITPOINT WARNING * * *
You feel as though you will be slow longer.
* * * LOW HITPOINT WARNING * * *
You feel sick. The hornet stings you.
* * * LOW HITPOINT WARNING * * *
You feel as though you will be slow longer.
* * * LOW HITPOINT WARNING * * *
You feel sick. You block the hornet's attack.
You die...

P...#.##..## #..## #.### ##.
...P#.###..# ##..# #<..# #.
..Pc....##.#######.########)#
## .....##.##.....###......#
#.# #
P.PP$##...####..#######.###)#
# ......###.>####...## #..##.#
# .PP##..###..#####..##
##.##.#
.P.#*#c#*##.s#####..####...)#
.P##**..#*##cWy.@.....#####)#
..*,,,....,########......##)##
#.,,,,,...,* ##.###.....####
**,,,,,,,,,* #.....).#.....
**,,,,,,,,,* ##......#.....
***,,,,,,,,* ##.....#####.
,,,,,,,,,,,* #....## ##
,,,,,,,,,,,* #####....#
,,,>,,,,,<,* #........#


You could see a hungry ghost, a hornet, a centaur and a giant cockroach.

Vanquished Creatures
  A deep elf knight (Bailey)
  Pikel (D:7)
  9 deep elf magi (Bailey)
  The ghost of Harpaggios the Changer, a novice MfTm of Ashenzari (D:6)
  The ghost of emiel the Martial Artist, a novice TeMo (D:5)
  Prince Ribbit (D:7)
  Edmund (D:6)
  Menkaure (D:7)
  2 porcupines (D:8)
  5 phantoms
  5 ogres
  2 orc warriors (D:8)
  2 centaurs (D:5)
  The ghost of Amon001 the Shield-Bearer, an amateur GrFi of Gozag (D:4)
  A crocodile (D:8)
  8 bullfrogs
  2 scorpions (D:5)
  A howler monkey (D:6)
  8 crimson imps
  A quasit (D:6)
  2 hounds
  2 jellies
  3 orc wizards
  4 orc priests
  2 centaur skeletons
  3 bullfrog skeletons
  2 iguanas
  3 worker ants
  A hound zombie (D:5)
  2 hound skeletons
  7 gnolls
  9 adders
  2 shadow imps
  2 oozes (D:2)
  3 adder skeletons
  6 worms
  A dart slug (D:3)
  3 leopard geckos
  18 orcs
  2 ball pythons
  10 bats
  8 giant cockroaches
  13 goblins
  3 hobgoblins (D:2)
  10 jackals
  4 kobolds
  5 quokkas
  3 frilled lizards
  3 jackal zombies
  A leopard gecko skeleton (D:4)
  A leopard gecko zombie (D:6)
  A quokka skeleton (D:4)
  8 rats
201 creatures vanquished.

Vanquished Creatures (others)
  A shadow imp (D:7)
  A quokka skeleton (D:7)
  4 fungi (D:8)
  14 toadstools (D:8)
20 creatures vanquished.

Grand Total: 221 creatures vanquished

Notes
Turn   | Place    | Note
-------+----------+-------------------------------------------
     0 | D:1      | greenice the Minotaur Fighter began the quest for the Orb.
     0 | D:1      | Reached XP level 1. HP: 19/19 MP: 0/0
   112 | D:1      | Reached skill level 3 in Long Blades
   202 | D:1      | Reached XP level 2. HP: 25/26 MP: 1/1
   618 | D:2      | Reached skill level 4 in Long Blades
   690 | D:2      | Reached XP level 3. HP: 21/31 MP: 2/2
  1117 | D:2      | Reached skill level 5 in Long Blades
  1288 | D:2      | Found a burning altar of Makhleb.
  1288 | D:2      | Noticed a balrug
  1291 | D:2      | Noticed a smoke demon
  1291 | D:2      | Noticed a smoke demon
  1538 | D:2      | Reached XP level 4. HP: 35/39 MP: 3/3
  1650 | D:2      | Found a hazy altar of Hepliaklqana.
  2002 | D:2      | Found a shattered altar of Ashenzari.
  2002 | D:2      | Found an iron altar of Okawaru.
  2009 | D:2      | Became a worshipper of Warmaster Okawaru
  2104 | D:3      | Reached skill level 6 in Long Blades
  2302 | D:3      | Reached XP level 5. HP: 22/45 MP: 4/4
  2551 | D:3      | Reached skill level 7 in Long Blades
  2714 | D:3      | Reached XP level 6. HP: 35/51 MP: 5/5
  2970 | D:3      | Found a shimmering altar of Xom.
  3038 | D:3      | Reached * piety under Okawaru
  3038 | D:3      | Reached skill level 8 in Long Blades
  3819 | D:4      | Reached skill level 9 in Long Blades
  3901 | D:4      | Reached XP level 7. HP: 50/57 MP: 6/6
  3963 | D:4      | Reached ** piety under Okawaru
  4019 | D:4      | Noticed Amon001's ghost (amateur GrFi)
  4021 | D:4      | Found a runed gate.
  4021 | D:4      | Found a runed gate.
  4021 | D:4      | Found a runed gate.
  4088 | D:4      | Killed Amon001's ghost
  4088 | D:4      | Reached skill level 10 in Long Blades
  4537 | D:4      | Found a sparkling altar of Nemelex Xobeh.
  4720 | D:5      | Entered Level 5 of the Dungeon
  4740 | D:5      | Found a staircase to the Ecumenical Temple.
  4786 | D:5      | Got an ancient falchion
  4801 | D:5      | Identified the +6 falchion of Salt {flame, rElec Dex+5}
                  | (You found it on level 5 of the Dungeon)
  4920 | D:5      | Reached skill level 11 in Long Blades
  4983 | D:5      | Reached XP level 8. HP: 64/64 MP: 7/7
  5326 | D:5      | Found a glowing silver altar of Zin.
  5364 | D:5      | Found a runed door.
  5365 | D:5      | Noticed emiel's ghost (novice TeMo)
  5539 | D:5      | Killed emiel's ghost
  5539 | D:5      | Reached skill level 12 in Long Blades
  5757 | D:6      | Reached *** piety under Okawaru
  5807 | D:6      | Found a runed gate.
  5807 | D:6      | Found a runed gate.
  5807 | D:6      | Found a runed gate.
  5809 | D:6      | Noticed Harpaggios's ghost (novice MfTm)
  5819 | D:6      | Killed Harpaggios's ghost
  5819 | D:6      | Reached skill level 13 in Long Blades
  5932 | D:6      | Reached XP level 9. HP: 65/70 MP: 8/8
  6161 | D:6      | Noticed Edmund
  6171 | D:6      | Killed Edmund
  6171 | D:6      | Reached skill level 14 in Long Blades
  6307 | D:6      | Found an ornate altar of the Wu Jian Council.
  6580 | D:7      | Noticed Prince Ribbit
  6597 | D:7      | Killed Prince Ribbit
  6641 | D:7      | Reached **** piety under Okawaru
  6641 | D:7      | Reached skill level 15 in Long Blades
  6679 | D:7      | Found a basalt altar of Yredelemnul.
  6701 | D:7      | Found a snail-covered altar of Cheibriados.
  6761 | D:7      | Found a white marble altar of Elyvilon.
  6773 | D:7      | Noticed Menkaure
  6780 | D:7      | Killed Menkaure
  6992 | D:7      | Noticed Pikel
  6998 | D:7      | Killed Pikel
  7061 | D:7      | Found an ancient bone altar of Kikubaaqudgha.
  7102 | D:7      | Reached skill level 16 in Long Blades
  7162 | D:7      | Found a shadowy altar of Dithmenos.
  7733 | D:8      | Reached XP level 10. HP: 77/77 MP: 9/9
  7735 | D:8      | Found a flagged portal.
  7764 | Bailey   | Entered a bailey
  7769 | Bailey   | Noticed a deep elf mage
  7775 | Bailey   | Killed a deep elf mage
  7775 | Bailey   | Reached ***** piety under Okawaru
  7781 | Bailey   | Noticed a deep elf mage
  7782 | Bailey   | Noticed a deep elf mage
  7782 | Bailey   | Noticed a deep elf mage
  7782 | Bailey   | Noticed a deep elf mage
  7782 | Bailey   | Noticed a deep elf mage
  7782 | Bailey   | Noticed a deep elf mage
  7785 | Bailey   | Killed a deep elf mage
  8041 | Bailey   | Killed a deep elf mage
  8041 | Bailey   | Reached skill level 17 in Long Blades
  8047 | Bailey   | Killed a deep elf mage
  8047 | Bailey   | Received a gift from Okawaru
  8053 | Bailey   | Got a jewelled hat {god gift}
  8061 | Bailey   | Identified the +0 hat of Perpetual Drought {rElec Str-3
                  | Slay+2} (Okawaru gifted it to you in a bailey)
  8083 | Bailey   | Killed a deep elf mage
  8088 | Bailey   | Killed a deep elf mage
  8095 | Bailey   | Killed a deep elf mage
  8095 | Bailey   | Reached skill level 18 in Long Blades
  8149 | Bailey   | Noticed a deep elf mage
  8162 | Bailey   | Killed a deep elf mage
  8387 | Bailey   | Noticed a deep elf mage
  8395 | Bailey   | Killed a deep elf mage
  8395 | Bailey   | Reached skill level 5 in Fighting
  8409 | Bailey   | Noticed a deep elf knight
  8418 | Bailey   | Killed a deep elf knight
  8418 | Bailey   | Reached XP level 11. HP: 91/91 MP: 7/10
  8584 | D:8      | Found a blossoming altar of Fedhas.
  8599 | D:8      | Noticed an oklob plant
  8984 | D:8      | Paralysed by a hornet for 3 turns
  8990 | D:8      | HP: 4/94 [hornet (1)]
  8992 | D:8      | Succumbed to a hornet's poison

Skill      XL: |  1  2  3  4  5  6  7  8  9 10 11 |
---------------+----------------------------------+-----
Long Blades    | 3 4 5 6 7 9 11 13 16 18 | 18.1
Fighting       | 6 7 |  7.8
Armour         | |  3.6
Shields        | |  3.6

Action                   |  1- 3 |  4- 6 |  7- 9 | 10-12 || total
-------------------------+-------+-------+-------+-------++-------
Melee: Long sword        |    81 |   204 |    60 |       ||   345
       Headbutt          |    10 |    47 |    60 |    30 ||   147
       Falchion          |       |       |   157 |   122 ||   279
Invok: Heroism           |       |       |     2 |     3 ||     5
  Use: Potion            |       |     1 |     1 |     1 ||     3
       Scroll            |       |       |    13 |     1 ||    14
  Eat: Chunk             |     1 |     9 |     7 |     2 ||    19
       Ration            |       |       |     1 |     1 ||     2
Armor: Scale mail        |    30 |    74 |    52 |    52 ||   208
Dodge: Dodged            |    25 |    54 |    61 |    27 ||   167
Block: Shield            |    29 |    87 |    69 |    57 ||   242
       Rpst.: Long sword |     9 |    16 |     5 |       ||    30
       Falchion          |       |       |    13 |    13 ||    26
